 Dungeon Crawl Stone Soup version 0.27-a0-887-gcab673c142 (webtiles) character file.

Game seed: 14434590588623971904

87170 shoop the Fighter (level 15, 0/138 HPs)
             Began as a Demigod Ice Elementalist on Apr 4, 2021.
             Shot with an arrow by a deep elf archer (18 damage)
             ... on level 1 of the Elven Halls on Apr 11, 2021.
             The game lasted 02:11:30 (30841 turns).

shoop the Fighter (Demigod Ice Elementalist)       Turns: 30841, Time: 02:11:31

Health: 0/138      AC: 18    Str: 20    XL:     15   Next: 3%
Magic:  0/32       EV: 17    Int: 25    God:
Gold:   1728       SH: 12    Dex: 21    Spells: 23/32 levels left

rFire    + . .     SeeInvis +   a - +9 staff of Olgreb {rPois∞}
rCold    + . .     Faith    .   s - +2 kite shield {rC+}
rNeg     + + +     Spirit   +   y - +3 leather armour {rF+}
rPois    ∞         Reflect  .   K - +0 helmet
rElec    +         Harm     .   Q - +0 cloak
rCorr    +         Rampage  .   S - +2 pair of gloves
Will     .....                  r - +1 pair of boots of the Game Afoot {Contam rN+++ rCorr SInv}
Stlth    ++++......             t - amulet of guardian spirit
HPRegen  0.33/turn              L - ring "Wogapt" {rElec rN+ Will- Str+3 Dex+3}
MPRegen  0.23/turn              n - +4 ring of protection

@: slowed, very slow
A: high mp 1, forlorn
a: no special abilities


You were on level 1 of the Elven Halls.
You visited 4 branches of the dungeon, and saw 20 of its levels.
You also visited: Ice Cave and Volcano.

You collected 1988 gold pieces.
You spent 260 gold pieces at shops.

Inventory:

Hand Weapons
 a - the +9 staff of Olgreb (weapon) {rPois∞}
   (You acquired it on level 4 of the Dungeon)

   It may poison the flesh of those it strikes, and is more effective with a
   high Evocations skill.
   It enhances your poison magic.
   It grants immunity to poison.
   It can be evoked to poison those around you for a time.
Missiles
 j - 34 boomerangs
 m - 61 poisoned darts
 D - a curare-tipped dart
 X - 8 javelins
Armour
 r - the +1 pair of boots of the Game Afoot (worn) {Contam rN+++ rCorr SInv}
   (You found it in a volcano)

   It renders you almost immune to negative energy.
   It lets you see invisible.
   It causes magical contamination when unequipped.
   It protects you from acid and corrosion.
 s - a +2 kite shield of cold resistance (worn)
 y - a +3 leather armour of fire resistance (worn)
 K - a +0 helmet (worn)
 Q - a +0 cloak (worn)
 S - a +2 pair of gloves (worn)
Jewellery
 l - a ring of flight
 n - a +4 ring of protection (right hand)
 t - an amulet of guardian spirit (around neck)
 I - a ring of positive energy
 L - a ring "Wogapt" (left hand) {rElec rN+ Will- Str+3 Dex+3}
   (You found it on level 8 of the Dungeon)

   [ring of positive energy]

   It affects your strength (+3).
   It affects your dexterity (+3).
   It insulates you from electricity.
   It protects you from negative energy.
   It decreases your willpower.
 R - a ring of wizardry
 Y - a +6 ring of strength
Wands
 o - a wand of iceblast (29)
 M - a wand of polymorph (25)
 O - a wand of acid (11)
 P - a wand of flame (65)
Scrolls
 c - 3 scrolls of enchant armour
 e - 6 scrolls of amnesia
 f - 5 scrolls of teleportation
 g - 5 scrolls of fog
 k - 2 scrolls of immolation
 p - 2 scrolls of magic mapping
 q - a scroll of summoning
 w - 2 scrolls of vulnerability
 x - a scroll of acquirement
 A - 2 scrolls of enchant weapon
 B - 2 scrolls of blinking
 J - a scroll of holy word
 U - a scroll of silence
Potions
 b - 7 potions of curing
 h - 2 potions of resistance
 i - 3 potions of berserk rage
 u - 5 potions of flight
 v - 4 potions of heal wounds
 z - 5 potions of might
 E - 2 potions of lignification
 F - 2 potions of mutation
 G - 3 potions of cancellation
 H - 2 potions of attraction
 N - a potion of brilliance
 T - 2 potions of haste
 Z - 4 potions of ambrosia
Miscellaneous
 d - a box of beasts
 C - a lightning rod (4/4)
 W - a tin of tremorstones (2/2)


   Skills:
 - Level 14.0 Fighting
 - Level 4.0 Staves
 - Level 1.0(1.2) Slings
 - Level 1.0(1.2) Throwing
 + Level 4.8 Armour
 + Level 10.9 Dodging
 + Level 8.8 Stealth
 - Level 4.0 Shields
 - Level 9.0 Spellcasting
 - Level 6.0 Summonings
 - Level 2.0 Translocations
 - Level 8.0 Ice Magic
 - Level 7.0 Evocations


You had 23 spell levels left.
You knew the following spells:

 Your Spells              Type           Power      Damage    Failure   Level
b - Blink                 Tloc           N/A        N/A       17%         2
c - Frozen Ramparts       Ice            100%       1d12      3%          3
d - Summon Ice Beast      Ice/Summ       46%        N/A       14%         4

Your spell library contained the following spells:

 Spells                   Type           Power      Damage    Failure   Level
 Freeze                   Ice            100%       1d11      1%          1
 Call Imp                 Summ           41%        N/A       3%          2
 Ozocubu's Armour         Ice            50%        N/A       3%          3
 Magic Dart               Conj           44%        1d5       26%         1
 Slow                     Hex            11%        N/A       36%         2
 Hailstorm                Conj/Ice       31%        3d8       45%         4
 Conjure Flame            Conj/Fire      11%        6-21      61%         3
 Mephitic Cloud           Conj/Pois/Air  16%        N/A       61%         3


Dungeon Overview and Level Annotations

Branches:
Dungeon (11/15)            Temple (0/1) D:4            Lair (6/6) D:9
  Swamp (0/4) Lair:2        Snake (0/4) Lair:4        Slime (0/5) Lair:6
    Orc (2/2) D:11            Elf (1/3) Orc:2         IceCv (visited)
Volcano (visited)

Shops:
D:2 :   D:7 !   Orc:2 *[[*

Annotations:
D:8 Harold
Lair:1 1 runed translucent door, Cancer's ghost, novice GrCj
Elf:1 exclusion: deep elf zephyrmancer, Aizul


Innate Abilities, Weirdness & Mutations

Your attributes grow dramatically as you level up.
You have an increased reservoir of magic. (+10% MP)
You shall have no god before yourself.


Message History

You struggle to resist.
The deep elf archer unwields a +0 short sword.
The deep elf archer wields a +0 shortbow.
The deep elf archer shoots an arrow.
The arrow barely misses you.
Your toxic aura wanes.
The deep elf archer shoots an arrow.
The arrow barely misses you.
The deep elf archer shoots an arrow.
You block the arrow.
The deep elf archer shoots an arrow.
The arrow hits you!!
The deep elf archer looks more healthy.
The deep elf archer blinks!
The deep elf archer shoots an arrow.
The arrow hits you!
* * * LOW HITPOINT WARNING * * *
Things that are here:
a +0 short sword; a +0 short sword; an elf skeleton The deep elf archer unwields a +0 shortbow.
The deep elf archer wields a +0 short sword.
The deep elf archer closely misses you. You block the deep elf archer's attack.
You hit the deep elf archer.
The deep elf archer is almost dead.
The deep elf archer casts a spell at you.
You feel as though you will be slow longer.
You hit the deep elf archer.
The deep elf archer is almost dead.
You block the deep elf archer's attack. x2
You miss the deep elf archer.
The deep elf archer is almost dead.
You block the deep elf archer's attack. x2
You miss the deep elf archer.
The deep elf archer is almost dead.
The deep elf archer points at you and mumbles some strange words.
You feel as though you will be slow longer.
The deep elf archer blinks!
You begin to radiate toxic energy.
The deep elf archer is poisoned.
The deep elf archer unwields a +0 short sword.
The deep elf archer wields a +0 shortbow.
The deep elf archer shoots an arrow.
You block the arrow.
Your toxic aura wanes.
The deep elf archer shoots an arrow.
The arrow hits you!!
* * * LOW HITPOINT WARNING * * *
The deep elf archer shoots an arrow.
The arrow hits you!!
You die...

#.. #+#..#..# .....#..##########
............?....
#..####........e #..####..e..)...
#..####..########..#
#..####..)......#..#
#........)..@...#..#
#####..#..#....)...e#..#
.......#..#.........#..#
.......#..#.........#..#
.......#..#########+#..#######.
###'#..#... ................... #
....#..#........................#
###.#..#........................#
..#.#..#..############'#######..#


You could see a deep elf archer (repels missiles, poisoned).

Vanquished Creatures
  A spark wasp (shapeshifter) (Elf:1)
  5 hydras
  A catoblepas (Orc:2)
  2 dancing weapons
  16 death yaks
  8 orc high priests
  5 deep elf knights
  A sea snake (Lair:6)
  A deep elf archer (Elf:1)
  4 wizards (Volcano)
  2 harpies
  8 deep elf zephyrmancers
  6 deep elf pyromancers
  A cyclops (D:11)
  2 orc sorcerers (Orc:2)
  2 manticores
  3 black mambas
  8 elephants
  A toenail golem (Volcano)
  15 cane toads
  5 rime drakes
  A kobold demonologist (D:11)
  2 ice devils (Lair:5)
  8 komodo dragons
  3 trolls
  18 polar bears
  A queen bee (Lair:2)
  A tyrant leech (Lair:2)
  6 hornets
  27 dream sheep
  3 blink frogs (Lair:6)
  4 shadows
  64 yaks
  A wraith (D:11)
  7 wyverns
  Grum (D:11)
  9 basilisks
  2 steam dragons
  9 wargs
  7 nagas (Lair:4)
  Duvessa (D:5)
  18 water moccasins
  An acid dragon (D:5)
  2 hell hounds (Lair:3)
  9 orc warriors
  A sky beast (D:5)
  3 black bears
  3 ice beasts
  A hornet zombie (D:7)
  18 wolves
  4 ogres
  9 centaurs
  3 phantoms
  2 nameless horrors
  A gnoll sergeant (D:4)
  3 kobold brigands
  10 bullfrogs
  An earth elemental (Elf:1)
  Dowan (D:5)
  2 scorpions
  A water moccasin skeleton (D:4)
  A troll zombie (D:11)
  9 wights
  26 killer bees (Lair:2)
  3 electric eels
  A howler monkey (D:7)
  3 centaur zombies
  A lava snake (Lair:4)
  3 hounds
  4 jellies
  30 orc priests
  A bullfrog skeleton (D:6)
  A gnoll shaman (D:3)
  Ijyb (D:4)
  16 orc wizards
  2 iguanas
  4 ogre zombies (D:11)
  A hound zombie (D:4)
  A howler monkey zombie (D:10)
  10 gnolls
  A howler monkey skeleton (D:7)
  A river rat (Lair:2)
  7 adders
  A worm (D:4)
  A dart slug (D:2)
  79 orcs
  2 bats
  9 endoplasms
  A giant cockroach (D:2)
  8 goblins
  5 hobgoblins
  14 jackals
  11 kobolds
  4 quokkas
  4 ball pythons
  4 frilled lizards
  A goblin skeleton (D:11)
  A goblin zombie (D:11)
  A hobgoblin skeleton (D:11)
  A hobgoblin zombie (D:11)
  An orc skeleton (D:11)
  10 orc zombies (D:11)
  7 rats
657 creatures vanquished.

Vanquished Creatures (collateral kills)
  A deep elf annihilator (Elf:1)
  A merfolk avatar (Lair:6)
  A dancing weapon (Elf:1)
  A deep elf zephyrmancer (Elf:1)
  4 toenail golems (Volcano)
  A rime drake (Lair:6)
  A polar bear (IceCv)
  A yak (IceCv)
  A water moccasin (D:9)
12 creatures vanquished.

Vanquished Creatures (others)
  2 death yaks (Lair:6)
  A wizard (Volcano)
  A cane toad (Lair:6)
  An orc wizard (D:9)
  An orc (D:9)
  7 bushes
  37 fungi
  113 plants
  2 withered plants (Lair:1)
165 creatures vanquished.

Grand Total: 834 creatures vanquished

Notes
Turn   | Place    | Note
-------+----------+-------------------------------------------
     0 | D:1      | shoop the Demigod Ice Elementalist began the quest for the
                  | Orb.
     0 | D:1      | Reached XP level 1. HP: 14/14 MP: 5/5
   329 | D:1      | Reached XP level 2. HP: 20/20 MP: 7/7
  1467 | D:2      | Reached XP level 3. HP: 9/26 MP: 3/8
  1982 | D:2      | Found Voimeluck's Book Emporium.
  2689 | D:2      | Learned a level 3 spell: Frozen Ramparts
  3036 | D:3      | Reached skill level 5 in Ice Magic
  3036 | D:3      | Reached XP level 4. HP: 34/34 MP: 4/9
  3055 | D:3      | Reached skill level 1 in Fighting
  3139 | D:3      | Reached skill level 2 in Fighting
  3521 | D:3      | Reached skill level 1 in Throwing
  3521 | D:3      | Reached skill level 1 in Evocations
  3521 | D:3      | Reached XP level 5. HP: 41/41 MP: 3/10
  4057 | D:3      | Reached skill level 1 in Armour
  4164 | D:4      | Found a staircase to the Ecumenical Temple.
  4328 | D:4      | Reached XP level 6. HP: 34/48 MP: 5/13
  4332 | D:4      | Identified a scroll of acquirement
  4335 | D:4      | Acquired the +9 staff of Olgreb {rPois∞}
  4336 | D:4      | Found the +9 staff of Olgreb {rPois∞}
  4359 | D:4      | Noticed Ijyb
  4379 | D:4      | Killed Ijyb
  4427 | D:4      | Reached skill level 1 in Staves
  4521 | D:4      | Learned a level 2 spell: Blink
  5045 | D:5      | Entered Level 5 of the Dungeon
  5049 | D:5      | Reached skill level 1 in Translocations
  5049 | D:5      | Reached XP level 7. HP: 36/55 MP: 6/14
  5339 | D:5      | Noticed a shadow
  5357 | D:5      | Killed a shadow
  5703 | D:5      | Noticed Duvessa
  5705 | D:5      | Noticed Dowan
  5710 | D:5      | Killed Duvessa
  5711 | D:5      | Reached skill level 5 in Evocations
  5711 | D:5      | Reached XP level 8. HP: 59/61 MP: 3/15
  5724 | D:5      | Killed Dowan
  6221 | D:5      | Learned a level 4 spell: Summon Ice Beast
  6319 | D:5      | Reached skill level 1 in Summonings
  6911 | D:6      | Reached skill level 3 in Fighting
  7516 | D:7      | Reached skill level 4 in Fighting
  7516 | D:7      | Reached XP level 9. HP: 58/71 MP: 7/16
  7713 | D:7      | Found Neeck's Distillery.
  7716 | D:7      | Bought a potion of lignification for 30 gold pieces
  7716 | D:7      | Bought a potion of mutation for 80 gold pieces
  7716 | D:7      | Bought a potion of cancellation for 80 gold pieces
  7716 | D:7      | Bought a potion of might for 40 gold pieces
  7716 | D:7      | Bought a potion of attraction for 30 gold pieces
  7985 | D:7      | Reached skill level 1 in Shields
  8682 | D:8      | Identified a ring "Wogapt" {rElec rN+ Will- Str+3 Dex+3}
  8749 | D:8      | Noticed Harold
  8756 | D:8      | Noticed an eight-headed hydra
  8760 | D:8      | Noticed a tengu warrior
  8780 | D:9      | Reached skill level 5 in Summonings
  8881 | D:9      | Reached XP level 10. HP: 61/78 MP: 8/20
  9097 | D:9      | Reached skill level 5 in Spellcasting
  9101 | D:9      | Reached skill level 5 in Dodging
  9197 | D:9      | Found a staircase to the Lair.
 10012 | D:10     | Entered Level 10 of the Dungeon
 10478 | D:10     | Noticed a death knight
 10759 | Lair:1   | Entered Level 1 of the Lair of Beasts
 10762 | Lair:1   | Noticed a black mamba
 10779 | Lair:1   | Killed a black mamba
 10780 | Lair:1   | Reached skill level 5 in Fighting
 10955 | Lair:1   | Reached skill level 6 in Fighting
 11070 | Lair:1   | Found a runed translucent door.
 11070 | Lair:1   | Noticed Cancer's ghost (novice GrCj)
 11094 | Lair:1   | Reached XP level 11. HP: 89/89 MP: 20/24
 11940 | Lair:2   | Reached skill level 7 in Fighting
 12409 | Lair:2   | Reached skill level 8 in Fighting
 12942 | Lair:2   | Noticed a four-headed hydra
 12955 | Lair:2   | Killed a four-headed hydra
 13694 | Lair:2   | Found a staircase to the Swamp.
 14049 | Lair:3   | Noticed a seven-headed hydra
 14072 | Lair:3   | Killed a seven-headed hydra
 14073 | Lair:3   | Reached XP level 12. HP: 37/103 MP: 5/26
 14147 | Lair:3   | Found a dark tunnel.
 14373 | Volcano  | Entered a volcano
 14521 | Volcano  | Reached skill level 9 in Fighting
 15048 | Volcano  | Reached skill level 5 in Stealth
 15060 | Volcano  | Identified the +1 pair of boots of the Game Afoot {Contam
                  | rN+++ rCorr SInv}
 15084 | Volcano  | Identified the +1 fire dragon scales of the Elven Halls
                  | {rF++ rC- rN+ Int+4 Dex-2}
 15752 | Lair:4   | Found a staircase to the Snake Pit.
 16149 | Lair:4   | Identified the +5 hunting sling "Japeysch" {vorpal, Int-5
                  | Dex+8}
 17140 | Lair:5   | Noticed a seven-headed hydra
 17150 | Lair:5   | Killed a seven-headed hydra
 17202 | Lair:5   | Reached skill level 10 in Fighting
 17202 | Lair:5   | Reached skill level 1 in Slings
 17306 | Lair:5   | Found a frozen archway.
 17463 | IceCv    | Entered an ice cave
 17587 | IceCv    | Reached XP level 13. HP: 93/113 MP: 9/29
 18143 | IceCv    | Noticed a frost giant
 18269 | IceCv    | Reached skill level 10 in Dodging
 18921 | IceCv    | HP: 2/113 [polar bear (18)]
 20513 | Lair:6   | Entered Level 6 of the Lair of Beasts
 21121 | Lair:6   | Reached skill level 11 in Fighting
 21905 | Lair:6   | Found a staircase to the Slime Pits.
 21934 | Lair:6   | Reached skill level 12 in Fighting
 22371 | Lair:6   | Reached XP level 14. HP: 117/126 MP: 20/30
 22738 | Lair:6   | Reached skill level 13 in Fighting
 24182 | D:11     | Noticed Grum
 24209 | D:11     | Killed Grum
 24791 | D:11     | Found a staircase to the Orcish Mines.
 24913 | Orc:1    | Entered Level 1 of the Orcish Mines
 24928 | Orc:2    | Entered Level 2 of the Orcish Mines
 25390 | Orc:2    | Noticed Jorgrun
 25855 | Orc:2    | Found a staircase to the Elven Halls.
 26546 | Orc:2    | Found Ofukk's Armour Boutique.
 26546 | Orc:2    | Found Ymesagg's Assorted Antiques.
 26661 | Orc:2    | Found Yllosisch's General Store.
 26661 | Orc:2    | Found Vesolu's Armour Emporium.
 27152 | Orc:2    | Noticed Jorgrun
 27152 | Orc:2    | Jorgrun changed into Jorgrun the catoblepas
 27165 | Orc:2    | Killed Jorgrun the catoblepas
 28094 | Elf:1    | Entered Level 1 of the Elven Halls
 28493 | Orc:2    | Reached skill level 14 in Fighting
 29174 | Elf:1    | Noticed a quicksilver dragon
 29347 | Elf:1    | Noticed Aizul
 30578 | Elf:1    | Reached XP level 15. HP: 82/138 MP: 1/32
 30841 | Elf:1    | Shot with an arrow by a deep elf archer

Illustrated notes

Levels and vault maps discovered:
D:1:      saegor_arrival_simple_c, layout_loops_ring, basic_ecumenical_altar
D:2:      layout_basic, serial_shops, nicolae_shop_trees, minmay_tetromino_s4
D:3:      layout_loops_cross, grunt_temple_overflow_diamond
D:4:      layout_basic, minmay_temple_entry_drinking_statues, serial_glass,
          glass_columns_a, glass_columns_b, uniq_ijyb
D:5:      layout_loops_ring, serial_bayou, serial_bayou_lake_a,
          serial_bayou_shore_b, serial_bayou_pond_c, serial_bayou_pond_a,
          minmay_misc_feat_x, uniq_duvessa
D:6:      layout_rooms, marbit_many_paths, lemuel_doored_altar
D:7:      layout_loops_ring, serial_shops, nicolae_shop_behind_doors
D:8:      cheibrodos_elevator_heist, layout_rooms, uniq_harold
D:9:      layout_roguey, chequers_temple_overflow_statue_of_worship,
          minmay_lair_entry_grove
D:10:     layout_long_grid, grunt_gozag_statues, hangedman_fish_farm
D:11:     layout_loops_ring, zombieorc1_lemuel, uniq_grum
Lair:1:   layout_regular_city, gammafunk_ghost_grave,
          infiniplex_staircase_pool_2, serial_bayou_shore_b
Lair:2:   regret_index_tunnel_blossom, layout_gridlike, minmay_swamp_entry_worms
Lair:3:   layout_chaotic_city, enter_volcano_3
Lair:4:   layout_gridlike, minmay_snake_entry_guardpost_medium,
          infiniplex_staircase_pool, grunt_megastairs_2, serial_bayou_shore_b,
          serial_bayou_shore_a
Lair:5:   layout_cave_pods, portal_ice_cave_demonic_guard, st_stairs_9
Lair:6:   gammafunk_lair_ancient_temple, layout_small_grid,
          nicolae_slime_entry_slimehenge, disabler_island
Orc:1:    layout_caves, uniq_snorg
Orc:2:    st_orc_town, layout_caves, special_room, minmay_orc_temple_b,
          uniq_jorgrun
Elf:1:    elf_arrival_002, layout_onion_city, basic_altar,
          hangedman_elf_represent, nicolae_elf_glass_and_crystal_pillar_1,
          uniq_louise, uniq_aizul

Skill      XL: |  1  2  3  4  5  6  7  8  9 10 11 12 13 14 |
---------------+-------------------------------------------+-----
Stealth        | 2 3 6 8 |  8.8
Dodging        | 2 4 5 8 9 10 | 10.9
Spellcasting   | 2 3 4 6 8 9 |  9.0
Ice Magic      | 4 5 6 7 8 |  8.0
Fighting       | 2 4 6 8 10 12 14 | 14.0
Throwing       | 1 |  1.0
Evocations     | 1 2 5 7 |  7.0
Armour         | 1 2 4 |  4.8
Staves         | 1 2 4 |  4.0
Translocations | 1 2 |  2.0
Summonings     | 3 5 6 |  6.0
Shields        | 2 4 |  4.0
Slings         | 1 |  1.0

Action                   |  1- 3 |  4- 6 |  7- 9 | 10-12 | 13-15 || total
-------------------------+-------+-------+-------+-------+-------++-------
Melee: Dagger            |    40 |     4 |       |       |       ||    44
       Flail             |       |    12 |       |       |       ||    12
       Staff             |       |    29 |   148 |   382 |   633 ||  1192
 Cast: Freeze            |    51 |    29 |       |       |       ||    80
       Frozen Ramparts   |     2 |    12 |    22 |    74 |    66 ||   176
       Summon Ice Beast  |       |       |       |    24 |    21 ||    45
       Blink             |       |       |       |     1 |     8 ||     9
Evoke: Staff of Olgreb   |       |     8 |    23 |    61 |   125 ||   217
       Wand              |       |       |       |       |     5 ||     5
       Tin of tremorston |       |       |       |       |     1 ||     1
       Lightning rod     |       |       |       |       |     1 ||     1
  Use: Scroll            |       |     6 |     9 |     8 |     6 ||    29
       Potion            |       |       |       |       |     3 ||     3
 Stab: Sleeping          |    10 |     3 |       |     2 |     4 ||    19
       Distracted        |       |       |       |     5 |     4 ||     9
Armor: Robe              |    10 |     2 |       |       |       ||    12
       Leather armour    |       |    27 |    46 |   117 |   203 ||   393
       Ice dragon scales |       |       |       |    27 |   168 ||   195
Dodge: Dodged            |    37 |    44 |    92 |   230 |   480 ||   883
Block: Buckler           |       |       |     5 |    74 |    54 ||   133
       Kite shield       |       |       |       |       |   361 ||   361

Table legend: (Time is in decaauts)
 A = Elapsed time spent in this place.
 B = Non-inter-level travel time spent in this place.
 C = Inter-level travel time spent in this place.
 D = Time resting spent in this place.
 E = Time spent auto-exploring this place.
 F = Levels seen in this place.
 G = Mean time per level.
                   A        B        C        D        E       F      G
               +--------+--------+--------+--------+--------+-----+--------+
         Total |  31279 |  29866 |   1413 |   5989 |  17937 |  22 | 1421.8 |
       Dungeon |  12122 |  11393 |    729 |    899 |   8717 |  11 | 1102.0 |
          Lair |  10923 |  10611 |    312 |   1747 |   6746 |   6 | 1820.5 |
  Orcish Mines |   3885 |   3667 |    218 |   1576 |   1440 |   2 | 1942.5 |
   Elven Halls |   1814 |   1661 |    153 |    778 |    390 |   1 | 1814.0 |
      Ice Cave |   1631 |   1631 |      0 |    486 |    475 |   1 | 1631.0 |
       Volcano |    901 |    901 |      0 |    503 |    168 |   1 |  901.0 |
               +--------+--------+--------+--------+--------+-----+--------+

Top non-repeatable levels by time:
   Orc:2: 3231 daAuts
  Lair:6: 3055 daAuts
  Lair:5: 2385 daAuts
  Lair:2: 1934 daAuts
   Elf:1: 1814 daAuts
   IceCv: 1631 daAuts
     D:5: 1624 daAuts
     D:2: 1557 daAuts
     D:1: 1540 daAuts
  Lair:4: 1493 daAuts
  Lair:1: 1400 daAuts
     D:9: 1357 daAuts
     D:4: 1172 daAuts
     D:7: 1135 daAuts
     D:3: 1059 daAuts
